 Dungeon Crawl Stone Soup version 0.31.0-12-g77e489cdc1 (webtiles) character file.

Game seed: 13081286670283647816

3 Caestello the Changeling (level 1, 0/9 HPs)
             Began as a Formicid Shapeshifter on Feb 19, 2024.
             Slain by a bat (1 damage)
             ... on level 1 of the Dungeon.
             The game lasted 00:00:25 (34 turns).

Caestello the Changeling (Formicid Shapeshifter)      Turns: 34, Time: 00:00:26

Health: 0/9        AC:  0    Str: 18    XL:     1   Next: 55%
Magic:  1/1        EV: 16    Int:  9    God:
Gold:   0          SH:  0    Dex: 13    Spells: 0/0 levels left

rFire   . .          .
                       - Unarmed
rCold   . . .        (shield currently unavailable)
rNeg    . . .        a - melded +0 animal skin
rPois   .            (helmet unavailable)
rElec   .            (no cloak)
rCorr   .            (no gloves)
SInv    +            (no boots)
Will    .....        (no amulet)
Stlth   +            (no ring)
HPRegen 0.21/turn    (no ring)
MPRegen 0.07/turn

%: no passive effects
@: flux-form, glowing
A: glow, contaminating, reduced hp, permanent stasis, dig shafts and tunnels,
antennae 3, four strong arms
a: Dig, Shaft Self, Begin Untransformation


You were on level 1 of the Dungeon.
You were something dangerously unstable.
You visited 1 branch of the dungeon, and saw 1 of its levels.

Inventory:

Armour
 a - a +0 animal skin (melded)
Talismans
 c - a beast talisman
 d - a flux talisman (active)
Potions
 b - a potion of lignification
 e - a potion of curing {unknown}


   Skills:
 + Level 1.1 Fighting
 + Level 1.7 Dodging
 + Level 3.1 Unarmed Combat
 + Level 3.4 Shapeshifting


You couldn't memorise any spells.
You didn't know any spells.
Your spell library was empty.

Dungeon Overview and Level Annotations

Branches:
Dungeon (1/15)

Altars:


Innate Abilities, Weirdness & Mutations

You are something dangerously unstable.
You glow with magical radiation, making you easy to see and hit.
Foes you strike become dangerously contaminated with magical radiation.
Your maximum health is decreased, since you lack skill for your form.
You are incapable of wielding weapons or throwing items.
You cannot be hasted, slowed, berserked, paralysed or teleported.
You can dig through walls and to a lower floor.
You have a pair of large antennae on your head. (SInv)
Your four strong arms can wield two-handed weapons with a shield.


Message History

The ball python hisses angrily.
Things that are here:
a fuming grey potion; a bat corpse The bat barely misses you.
Things that are here:
a fuming grey potion; a bat corpse
e - a fuming grey potion The bat hits you.
The ball python bites you. The ball python barely misses you.
You hit the ball python.
The ball python begins to glow.
The ball python is moderately wounded.
The bat hits you. The ball python bites you. The ball python grabs you.
The ball python constricts you.
You hit the ball python.
You kill the ball python!
The bat hits you.
* * * LOW HITPOINT WARNING * * *
The bat barely misses you.
You are too injured to fight recklessly!
You are too injured to fight recklessly!
You are too injured to fight recklessly!
You miss the bat. The bat hits you.
* * * LOW HITPOINT WARNING * * *
Found 5 gold pieces.
The bat hits you.
* * * LOW HITPOINT WARNING * * *
The bat misses you.
You see here a giant cockroach corpse.
You closely miss the bat. The bat closely misses you. The bat misses you.
The bat barely misses you.
You barely miss the bat. The bat closely misses you. The bat misses you.
You barely miss the bat. The bat misses you.
You hit the bat.
The bat begins to glow.
The bat is severely wounded.
The bat hits you.
* * * LOW HITPOINT WARNING * * *
The bat hits you.
* * * LOW HITPOINT WARNING * * *
The bat hits you.
You die...

.# #.# .## ######..
#.. # #..$...##..#.#
#......##..#.#
#......##....####
#.......b.......#
#.......p.......#
#...............#
#...............#
#.......†.......#
#.......†.......###
#......##.........#
#......##.#.....#.#
#......##.#.....#.#
#.........#.....#.#.#


You could see a bat (contam).

Vanquished Creatures
  A ball python (D:1)
  A giant cockroach (D:1)
  A bat (D:1)
3 creatures vanquished.

Notes
Turn   | Place    | Note
-------+----------+-------------------------------------------
     0 | D:1      | Caestello the Formicid Shapeshifter began the quest for the
                  | Orb.
     0 | D:1      | Reached XP level 1. HP: 15/15 MP: 1/1
    34 | D:1      | Slain by a bat

Illustrated notes

Levels and vault maps discovered:
D:1:      minmay_arrival_semitransparent, layout_basic,
          ebering_ecumenical_altar_mist, minmay_vboxes

Action                     || total
---------------------------++-------
  Melee: Unarmed           ||    12
 Armour: Skin              ||    11
  Dodge: Dodged            ||    17
   Form: Flux              ||     1
